 Dungeon Sprint DCSS version 0.22.0-18-ge075c0d (webtiles) character file.

0 poirepourri the Chopper (level 1, 17/19 HPs)
             Began as a Minotaur Fighter on Aug 18, 2018.
             Quit the game in the Dungeon (Sprint VI: "Thunderdome").
             The game lasted 00:00:33 (36 turns).

poirepourri the Chopper (Minotaur Fighter)            Turns: 36, Time: 00:00:33

Health: 17/19      AC:  6    Str: 28    XL:     1   Next: 33%
Magic:  0/0        EV:  7    Int:  8    God:
Gold:   20         SH: 10    Dex: 11    Spells: 0/0 levels left

rFire    + . .     SeeInvis .   a - +0 war axe
rCold    . . .     Gourm    .   c - +0 shield
rNeg     + . .     Faith    .   b - +0 scale mail
rPois    .         Spirit   .   (helmet restricted)
rElec    +         Reflect  .   (no cloak)
rCorr    .         Harm     .   (no gloves)
MR       .....     NoTele   +   (no boots)
Stlth    ..........             s - amulet "Jirphew" {Inacc MP-9 Str+5 Int+2 Dex+2}
HPRegen  0.06/turn              p - ring "Paelor" {*Contam rElec rN+ Int-3} (curse)
MPRegen  0.07/turn              q - ring "Sitzauca" {rF+ MR- Str+3 Int+4 Slay+2}

@: contaminated, glowing
A: retaliatory headbutt, horns 2
a: no special abilities


You were in the Dungeon.
You were not hungry.

You visited 1 branch You collected 200 gold pieces.
You spent 180 gold pieces at shops.

Inventory:

Hand Weapons
 a - a +0 war axe (weapon)
Armour
 b - a +0 scale mail (worn)
 c - a +0 shield (worn)
Jewellery
 p - the cursed ring "Paelor" (left hand) {*Contam rElec rN+ Int-3}
   (You bought it in a shop in the Dungeon)

   [ring of intelligence]

   It affects your intelligence (-3).
   It insulates you from electricity.
   It protects you from negative energy.
   It causes magical contamination when unequipped.
   It has a curse placed upon it.
 q - the ring "Sitzauca" (right hand) {rF+ MR- Str+3 Int+4 Slay+2}
   (You bought it in a shop in the Dungeon)

   [ring of protection from fire]

   It affects your strength (+3).
   It affects your intelligence (+4).
   It affects your accuracy and damage with ranged weapons and melee attacks
   (+2).
   It protects you from fire.
   It affects your resistance to hostile enchantments.
 r - the amulet of Qifoveb {Inacc *Contam rC+ rN+}
   (You bought it in a shop in the Dungeon)

   [amulet of inaccuracy]

   It reduces the accuracy of all your attacks.
   It protects you from cold.
   It protects you from negative energy.
   It causes magical contamination when unequipped.
 s - the amulet "Jirphew" (around neck) {Inacc MP-9 Str+5 Int+2 Dex+2}
   (You bought it in a shop in the Dungeon)

   [amulet of inaccuracy]

   It reduces the accuracy of all your attacks.
   It affects your strength (+5).
   It affects your intelligence (+2).
   It affects your dexterity (+2).
   It affects your magic capacity (-9).
Wands
 m - a wand of acid (5)
 n - a wand of iceblast (5)
Scrolls
 k - 4 scrolls of blinking
 o - 3 scrolls of fog
Potions
 d - a potion of might
 e - a potion of curing
 g - 4 potions of heal wounds
 h - 4 potions of haste
 i - 2 potions of magic
 j - a potion of berserk rage
 l - a potion of resistance
Comestibles
 f - a ration


   Skills:
 - Level 3.6 Fighting
 + Level 4.2 Axes
 - Level 3.6 Armour
 - Level 3.6 Shields


You couldn't memorise any spells.
You didn't know any spells.
Your spell library was empty.

Dungeon Overview and Level Annotations

Branches:
Dungeon (1/1)

Altars:
Cheibriados
Dithmenos
Fedhas
Kikubaaqudgha
Makhleb
Okawaru
Qazlal
Sif Muna
Trog
Vehumet
Xom
Yredelemnul
Zin
Jiyva

Shops:
D *[%?**[(


Innate Abilities, Weirdness & Mutations

You reflexively headbutt those who attack you in melee.
You have a pair of horns on your head.


Message History

p - the cursed ring "Paelor" (left hand) {*Contam rElec rN+ Int-3} You feel stronger.
You feel clever.
q - the ring "Sitzauca" (right hand) {rF+ MR- Str+3 Int+4 Slay+2} You feel a build-up of mutagenic energy.
r - the amulet of Qifoveb (around neck) {Inacc *Contam rC+ rN+}
s - a heavily runed bone amulet Thank you for shopping at Dacviwua's Jewellery!
You remove the amulet of Qifoveb {Inacc *Contam rC+ rN+}.
Mutagenic energies flood into your body!
You are contaminated with residual magic.
You feel your magic capacity decrease.
You feel stronger.
You feel clever.
You feel agile.
s - the amulet "Jirphew" (around neck) {Inacc MP-9 Str+5 Int+2 Dex+2}
Found a viscous altar of Jiyva.
Found an iron altar of Okawaru.
Found a stormy altar of Qazlal.
Found Vas Oxky's Premium Goods.
Found Wyidwira's Miscellaneous Merchandise and Yveidgh's Basic Armour.
Found Zerhoix's Weapon Rack.
Found three altars.
Are you sure you want to abandon this character and quit the game? (Confirm with "yes".)

#⌠..........# #.<.#
#⌠..........###...###..
##.............###......
###∩........8.# .8....
##∩___......###......
######.8.........8.#
#⌠...........⌠#
###.........###
#_..@...._# #_......._#
#_......._# #∩.......∩#
##∩.....∩## ##.....##
##⌠⌠⌠## #####


There were no monsters in sight!

Vanquished Creatures
  2 giant cockroaches (D)
2 creatures vanquished.

Notes
Turn   | Place    | Note
-------+----------+-------------------------------------------
     0 | D        | poirepourri the Minotaur Fighter began the quest for the Orb.
     0 | D        | Reached XP level 1. HP: 19/19 MP: 0/0
     3 | D        | Found a shadowy altar of Dithmenos.
     3 | D        | Found a burning altar of Makhleb.
     4 | D        | Found a blossoming altar of Fedhas.
     4 | D        | Found a shimmering altar of Xom.
     5 | D        | Found an ancient bone altar of Kikubaaqudgha.
     5 | D        | Found a radiant altar of Vehumet.
     5 | D        | Round 1.
     6 | D        | Found Niphobb's Delicious Food.
     6 | D        | Found a glowing silver altar of Zin.
     6 | D        | Found a snail-covered altar of Cheibriados.
     6 | D        | Found Jeluisopna's Identification Station.
     7 | D        | Found Dacviwua's Jewellery.
     7 | D        | Found Ydghae's Advanced Armour.
    16 | D        | Reached skill level 3 in Axes
    17 | D        | Reached skill level 4 in Axes
    20 | D        | Bought a glittering lead ring for 45 gold pieces
    20 | D        | Bought an ancient glass ring for 45 gold pieces
    20 | D        | Bought a clouded crystal amulet for 45 gold pieces
    20 | D        | Identified the cursed ring "Paelor" {*Contam rElec rN+ Int-3} (You bought it in a shop in the Dungeon)
    21 | D        | Identified the ring "Sitzauca" {rF+ MR- Str+3 Int+4 Slay+2} (You bought it in a shop in the Dungeon)
    22 | D        | Identified the amulet of Qifoveb {Inacc *Contam rC+ rN+} (You bought it in a shop in the Dungeon)
    23 | D        | Bought a heavily runed bone amulet for 45 gold pieces
    24 | D        | Identified the amulet "Jirphew" {Inacc MP-9 Str+5 Int+2 Dex+2} (You bought it in a shop in the Dungeon)
    28 | D        | Found a viscous altar of Jiyva.
    29 | D        | Found an iron altar of Okawaru.
    30 | D        | Found a stormy altar of Qazlal.
    31 | D        | Found Vas Oxky's Premium Goods.
    32 | D        | Found Wyidwira's Miscellaneous Merchandise.
    32 | D        | Found Yveidgh's Basic Armour.
    33 | D        | Found a bloodstained altar of Trog.
    33 | D        | Found a basalt altar of Yredelemnul.
    33 | D        | Found a deep blue altar of Sif Muna.
    33 | D        | Found Zerhoix's Weapon Rack.
    36 | D        | Quit the game

Skill      XL: |  1 |
---------------+----+-----
Axes           | 4 |  4.2
Fighting       | |  3.6
Armour         | |  3.6
Shields        | |  3.6

Action                   || total
-------------------------++-------
Melee: War axe           ||     5
       Headbutt          ||     1
Armor: Scale mail        ||     8
Dodge: Dodged            ||     2
Block: Shield            ||     4
